 Dungeon Crawl Stone Soup version 0.29-a0-844-ge8845773e3 (webtiles) character file.

Game seed: 10833072872745257120

738 Locuples the Chopper (level 7, -4/62 HPs)
             Began as a Minotaur Fighter on July 15, 2022.
             Slain by an ogre
             ... wielding a +0 giant spiked club
              (33 damage)
             ... on level 4 of the Dungeon.
             The game lasted 00:06:07 (2775 turns).

Locuples the Chopper (Minotaur Fighter)             Turns: 2775, Time: 00:06:08

Health: -4/62      AC:  5    Str: 23    XL:     7   Next: 46%
Magic:  6/6        EV: 10    Int:  5    God:
Gold:   202        SH:  5    Dex: 15    Spells: 6/6 levels left

rFire   . . .      SeeInvis .   a - +0 war axe
rCold   . . .      Faith    .   c - +0 buckler
rNeg    . . .      Spirit   .   t - +0 troll leather armour {Pargi}
rPois   .          Reflect  .   (helmet restricted)
rElec   .          Harm     .   (no cloak)
rCorr   .          Rampage  .   (no gloves)
Will    +....      Clarity  +   (no boots)
Stlth   +.........              (no amulet)
HPRegen 1.00/turn               d - +6 ring of dexterity
MPRegen 0.10/turn               (no ring)

@: no status effects
A: horns 2, retaliatory headbutt, clarity, strong-willed 1, wild magic 1
a: no special abilities


You were on level 4 of the Dungeon.
You visited 1 branch of the dungeon, and saw 5 of its levels.

You collected 202 gold pieces.

Inventory:

Hand Weapons
 a - a +0 war axe (weapon)
Armour
 b - a +0 scale mail
 c - a +0 buckler (worn)
 t - a +0 troll leather armour (worn) {Pargi}
Jewellery
 d - a +6 ring of dexterity (left hand)
Wands
 s - a wand of digging (1)
Scrolls
 g - a scroll of magic mapping {unknown}
 h - a scroll of fog {unknown}
 i - 3 scrolls of identify {unknown}
 j - 2 scrolls of blinking {unknown}
 l - a scroll of poison {unknown}
 m - 3 scrolls of teleportation {unknown}
 r - 2 scrolls of noise {unknown}
 u - 2 scrolls of amnesia {unknown}
Potions
 e - a potion of attraction
 f - a potion of ambrosia
 k - a potion of flight {unknown}
 n - a potion of heal wounds
 o - a potion of mutation
 p - a potion of brilliance {unknown}
 q - a potion of berserk rage {unknown}


   Skills:
 * Level 5.7 Fighting
 * Level 6.8 Axes
 * Level 6.6 Armour
 + Level 4.6 Shields


You had 6 spell levels left.
You didn't know any spells.
Your spell library contained the following spells:

 Spells                   Type           Power      Damage    Failure   Level
 Freeze                   Ice            0%         1d3       69%         1
 Ensorcelled Hibernation  Hex/Ice        0%         N/A       82%         2
 Passwall                 Tmut/Erth      0%         N/A       82%         2
 Frozen Ramparts          Ice            0%         1d2       96%         3
 Swiftness                Air            0%         N/A       96%         3
 Hailstorm                Conj/Ice       0%         3d3       100%        4


Dungeon Overview and Level Annotations

Branches:
Dungeon (5/15)
 Temple: D:4-7

Altars:


Innate Abilities, Weirdness & Mutations

You have a pair of horns on your head.
You reflexively headbutt those who attack you in melee.
You possess an exceptional clarity of mind.
You are strong-willed. (Will+)
Your spells are a little harder to cast, but a little more powerful.


Message History

The iguana is lightly wounded.
The iguana completely misses you.
You slash the iguana!
The iguana is heavily wounded.
The iguana bites you but does no damage.
You block the iguana's attack.
You barely miss the orc. You hit the iguana but do no damage.
The iguana closely misses you. The orc barely misses you.
You slash the orc!
You kill the orc!
You hit the iguana but do no damage. The iguana barely misses you.
You furiously retaliate!
You headbutt the iguana, but do no damage.
An ogre comes into view. It is wielding a +0 giant spiked club.
The iguana bites you!
You closely miss the iguana.
You headbutt the iguana, but do no damage.
The iguana is heavily wounded.
You block the iguana's attack.
You slash the iguana!
You kill the iguana!
You see here a scroll labelled BEPPUGYCHIS.
You see here a scroll labelled BEPPUGYCHIS.
i - 3 scrolls labelled BEPPUGYCHIS (gained 1)
The ogre hits you but does no damage.
Things that are here:
a +0 hand axe; a +0 robe; a howler monkey corpse You hit the ogre.
The ogre is lightly wounded.
The ogre hits you with a +0 giant spiked club!!
You slash the ogre!
The ogre is moderately wounded.
You barely miss the ogre. You headbutt the ogre!
The ogre is severely wounded.
You block the ogre's attack.
You barely miss the ogre.
The ogre is severely wounded.
The ogre hits you with a +0 giant spiked club!!
Ouch! That really hurt!
You die...

...# #.# #....# #### #.#
..... #.# #...# ####.####
#..<# ## #.).....# #...#
.# #.##.##.# #...#######
.###.##.##.#####.........#
....................$.....
..##.....<.....)@.........
.###..#.........O..)......
.# #.......#####)..#####..
.# ##......# #....... ##
###.#### #......## #.#
#....#.# #######.#
#......# ......#.#
#....#.# #####.#.#
#....#.#


You could see an ogre.

Vanquished Creatures
  Sigmund (D:2)
  Edmund (D:4)
  Pargi (D:3)
  A howler monkey (D:4)
  An iguana (D:4)
  Terence (D:3)
  Natasha (thrice) (D:3)
  2 orc wizards (D:4)
  Robin (D:3)
  4 gnolls (D:2)
  2 adders
  4 worms
  A dart slug (D:1)
  4 orcs (D:4)
  5 endoplasms
  2 giant cockroaches
  8 hobgoblins
  2 quokkas
  A ball python (D:3)
  3 bats
  3 frilled lizards
  16 goblins
  8 kobolds
  3 rats
78 creatures vanquished.

Notes
Turn   | Place    | Note
-------+----------+-------------------------------------------
     0 | D:1      | Locuples the Minotaur Fighter began the quest for the Orb.
     0 | D:1      | Reached XP level 1. HP: 19/19 MP: 0/0
   181 | D:1      | Reached XP level 2. HP: 27/27 MP: 1/1
   733 | D:2      | Noticed Sigmund
   756 | D:2      | Reached XP level 3. HP: 25/33 MP: 2/2
   759 | D:2      | Killed Sigmund
   760 | D:2      | Reached skill level 5 in Armour
   760 | D:2      | Reached XP level 4. HP: 25/41 MP: 3/3
   760 | D:2      | Reached XP level 5. HP: 29/47 MP: 4/4
   891 | D:2      | Found a faded altar of an unknown god.
  1186 | D:2      | Reached skill level 5 in Fighting
  1875 | D:3      | Noticed Natasha
  1881 | D:3      | Killed Natasha
  1882 | D:3      | Reached XP level 6. HP: 54/56 MP: 5/5
  1907 | D:3      | Noticed Natasha
  1908 | D:3      | Noticed Terence
  1916 | D:3      | Killed Terence
  1917 | D:3      | Killed Natasha
  1918 | D:3      | Reached skill level 5 in Axes
  2195 | D:3      | Noticed Robin
  2195 | D:3      | Noticed Natasha
  2197 | D:3      | Noticed Pargi
  2204 | D:3      | Gained mutation: Your spells are a little harder to cast,
                  | but a little more powerful. [potion of mutation]
  2204 | D:3      | Gained mutation: You are strong-willed. (Will+) [potion of
                  | mutation]
  2204 | D:3      | Gained mutation: You possess an exceptional clarity of
                  | mind. [potion of mutation]
  2205 | D:3      | Killed Robin
  2207 | D:3      | Killed Natasha
  2212 | D:3      | Killed Pargi
  2552 | D:3      | You fall into a shaft and drop 2 floors!
  2552 | D:5      | Entered Level 5 of the Dungeon
  2641 | D:4      | Noticed Edmund
  2651 | D:4      | Killed Edmund
  2652 | D:4      | Reached XP level 7. HP: 40/61 MP: 6/6
  2775 | D:4      | Slain by an ogre

Illustrated notes

Levels and vault maps discovered:
D:1:      lemuel_arrival_broad_hall, layout_basic
D:2:      layout_loops_ring, hellmonk_ecumenical_altar_zigzags,
          minmay_misc_feat_four_crosses, uniq_sigmund
D:3:      layout_basic, uniq_natasha, uniq_pargi, uniq_terence, uniq_robin
D:4:      layout_loops_cross, uniq_edmund
D:5:      layout_gridville, minmay_temple_entry_enclosed_plants, uniq_grinder

Skill      XL: |  1  2  3  4  5  6 |
---------------+-------------------+-----
Armour         | 4 5 6 |  6.6
Fighting       | 4 5 |  5.7
Axes           | 4 6 |  6.8
Shields        | 4 |  4.6

Action                   |  1- 3 |  4- 6 |  7- 9 || total
-------------------------+-------+-------+-------++-------
Melee: War axe           |    49 |    85 |    32 ||   166
       Headbutt          |     8 |    17 |     6 ||    31
  Use: Potion            |     3 |     1 |       ||     4
Armor: Scale mail        |    37 |    56 |       ||    93
       Troll leather arm |       |       |    11 ||    11
Dodge: Dodged            |    24 |    42 |    12 ||    78
Block: Buckler           |     7 |    36 |     8 ||    51

Table legend: (Time is in decaauts)
 A = Elapsed time spent in this place.
 B = Non-inter-level travel time spent in this place.
 C = Inter-level travel time spent in this place.
 D = Time resting spent in this place.
 E = Time spent auto-exploring this place.
 F = Levels seen in this place.
 G = Mean time per level.
                   A        B        C        D        E       F      G
               +--------+--------+--------+--------+--------+-----+--------+
         Total |   2826 |   2824 |      2 |    136 |   2063 |   5 |  565.2 |
       Dungeon |   2826 |   2824 |      2 |    136 |   2063 |   5 |  565.2 |
               +--------+--------+--------+--------+--------+-----+--------+

Top non-repeatable levels by time:
     D:2: 1011 daAuts
     D:3: 838 daAuts
     D:1: 745 daAuts
     D:4: 201 daAuts
     D:5: 29 daAuts
